 Dungeon Crawl Stone Soup version 0.29.0-4-gdea44cf6ec (webtiles) character file.

Game seed: 9598512023240082977

191 qw the Sneak (level 5, -2/32 HPs)
             Began as a Gargoyle Delver on Sept 10, 2022.
             Slain by a gnoll
             ... wielding a +0 halberd
             ... led by a gnoll bouda
              (6 damage)
             ... on level 4 of the Dungeon.
             The game lasted 00:01:52 (4901 turns).

qw the Sneak (Gargoyle Delver)                      Turns: 4901, Time: 00:01:52

Health: -2/32      AC: 10    Str: 17    XL:     5   Next: 70%
Magic:  5/5        EV:  9    Int: 11    God:
Gold:   118        SH:  0    Dex: 11    Spells: 4/4 levels left

rFire   . . .      SeeInvis .   Y - +0 war axe
rCold   . . .      Faith    .   (no shield)
rNeg    + . .      Spirit   .   a - +0 scale mail
rPois   inf        Reflect  .   (no helmet)
rElec   +          Harm     .   (no cloak)
rCorr   .          Rampage  .   (no gloves)
Will    .....                   (no boots)
Stlth   +.........              (no amulet)
HPRegen 0.10/turn               (no ring)
MPRegen 0.09/turn               (no ring)

@: no status effects
A: sickness immunity, AC +4, negative energy resistance 1, electricity
resistance, torment resistance 1, petrification resistance
a: no special abilities


You were on level 4 of the Dungeon.
You visited 1 branch of the dungeon, and saw 5 of its levels.

You collected 118 gold pieces.


Innate Abilities, Weirdness & Mutations

You are immune to sickness and miasma.
Your stone body is resilient. (AC +4)
You are immune to poison.
You resist negative energy. (rN+)
You are resistant to electric shocks. (rElec)
You are resistant to unholy torment.
You are immune to petrification.


   Skills:
 + Level 3.4 Fighting
 - Level 5.0 Axes
 - Level 1.2 Armour
 - Level 1.5 Dodging
 - Level 5.4 Stealth


You had 4 spell levels left.
You didn't know any spells.
Your spell library was empty.

Inventory:

Hand Weapons
 c - a +0 whip
 Y - a +0 war axe (weapon)
Armour
 a - a +0 scale mail (worn)
Jewellery
 e - a ring of wizardry
Wands
 g - a wand of digging (3)
Scrolls
 h - a scroll of noise {unknown}
Potions
 b - a potion of heal wounds {unknown}
 d - a potion of attraction {unknown}
 f - 2 potions of haste
 i - a potion of might
 j - a potion of degeneration {unknown}
 l - a potion of curing

Dungeon Overview and Level Annotations

Branches:
Dungeon (5/15)
 Temple: D:4-7

Altars:
Elyvilon
Nemelex Xobeh
Yredelemnul

Annotations:
D:4 2 transporters, qw's ghost, amateur GrFi


Message History

A gnoll comes into view. It is wielding a +0 flail.
You closely miss the gnoll. The gnoll hits you with a +0 halberd!
The gnoll shouts!
You slash the gnoll bouda!
The gnoll bouda is moderately wounded.
You hit the gnoll.
You hear a shout!
The gnoll hits you but does no damage. The gnoll bouda barely misses you.
The gnoll hits you but does no damage.
The gnoll bouda barks out a call to the hunt!
The gnolls pick up the pace!
You barely miss the gnoll bouda.
The gnoll bouda is moderately wounded.
You slash the gnoll! The gnoll closely misses you.
The gnoll bouda barely misses you.
The gnoll hits you from afar with a +0 spear.
You barely miss the gnoll.
The gnoll is severely wounded.
You hit the gnoll bouda but do no damage.
You hit the gnoll. The gnoll hits you but does no damage.
The gnoll hits you with a +0 halberd.
The gnoll bouda calls upon its god to heal the gnoll.
The gnoll is healed somewhat.
The gnoll hits you but does no damage.
You closely miss the gnoll bouda.
The gnoll bouda is moderately wounded.
You hit the gnoll. You slash the gnoll! The gnoll hits you with a +0 flail.
The gnoll barely misses you. The gnoll bouda barely misses you.
The gnoll hits you from afar with a +0 spear.
The gnoll barely misses you.
You closely miss the gnoll.
The gnoll is heavily wounded.
You barely miss the gnoll bouda. You hit the gnoll.
The gnoll closely misses you.
The gnoll bouda hits you but does no damage.
The gnoll misses you. The gnoll hits you but does no damage.
The gnoll hits you from afar with a +0 spear.
The gnoll hits you with a +0 halberd.
You die...

#...# #...# ####...#####
........... ..........
g...... #gg.# #@g.#####.
### #......... ...##
#........^........
#####....#########....
###...)...##8W....8##...
#.#.####..#SS.......#...
## #.<###...#l#.....#.#...
#.###.......#Y.#...#..#..#
#.#..###...#....^....#..#


You could see a yak, a gnoll bouda, an iguana, qw's ghost, 3 gnolls, an adder
and a ball python.

Vanquished Creatures
  A jelly (D:4)
  A gnoll (D:4)
  5 adders
  A river rat (D:3)
  A worm (D:2)
  4 dart slugs
  An orc (D:3)
  4 endoplasms
  5 giant cockroaches
  10 goblins
  11 hobgoblins
  7 kobolds
  6 quokkas
  7 ball pythons
  9 bats
  5 frilled lizards
  2 rats
80 creatures vanquished.

Notes
Turn   | Place    | Note
-------+----------+-------------------------------------------
     0 | D:5      | qw the Gargoyle Delver began the quest for the Orb.
     0 | D:5      | Reached XP level 1. HP: 14/14 MP: 1/1
     0 | D:5      | 0 ||| qw: Version: 0.1-a-116-g5d60599
     0 | D:5      | 0 ||| qw: Game counter: 8085
     0 | D:5      | 0 ||| qw: Always use a shield: true
     0 | D:5      | 0 ||| qw: God list: Okawaru
     0 | D:5      | 0 ||| qw: Allow faded altars: false
     0 | D:5      | 0 ||| qw: Do Orc after D:15 true
     0 | D:5      | 0 ||| qw: Do second Lair branch before Depths: true
     0 | D:5      | 0 ||| qw: Lair rune preference: random
     0 | D:5      | 0 ||| qw: Plans: Normal
     0 | D:5      | 0 ||| PLANNING D:1-11
     2 | D:5      | 2 ||| DROPPING scroll of fog.
     3 | D:5      | 3 ||| DROPPING scroll of magic mapping.
     4 | D:5      | 4 ||| DROPPING scroll of fear.
    37 | D:4      | Reached XP level 2. HP: 11/19 MP: 2/2
   163 | D:3      | 163 ||| PLANNING SEWER
   519 | D:3      | Reached skill level 3 in Axes
   684 | D:3      | 684 ||| Stepping ~*~*~tactically~*~*~ (hiding).
   786 | D:3      | 786 ||| Stepping ~*~*~tactically~*~*~ (hiding).
   865 | D:3      | Reached XP level 3. HP: 22/23 MP: 3/3
   880 | D:3      | 880 ||| RIP SEWER
   896 | D:3      | 896 ||| PLANNING D:1-11
  1229 | D:2      | Found a faded altar of an unknown god.
  1294 | D:2      | Noticed a floating eye
  1297 | D:2      | Noticed a floating eye
  1297 | D:2      | Noticed a golden eye
  1297 | D:2      | Noticed a shining eye
  1329 | D:2      | 1329 ||| READING scroll labelled DYISUA VIYWANORA.
  1415 | D:1      | 1415 ||| Stepping ~*~*~tactically~*~*~ (stealth).
  1417 | D:1      | 1417 ||| Stepping ~*~*~tactically~*~*~ (stealth).
  1419 | D:1      | 1419 ||| Stepping ~*~*~tactically~*~*~ (stealth).
  1426 | D:1      | 1426 ||| Stepping ~*~*~tactically~*~*~ (stealth).
  1428 | D:1      | 1428 ||| Stepping ~*~*~tactically~*~*~ (stealth).
  1434 | D:1      | 1434 ||| Stepping ~*~*~tactically~*~*~ (stealth).
  1436 | D:1      | 1436 ||| Stepping ~*~*~tactically~*~*~ (stealth).
  1438 | D:1      | 1438 ||| Stepping ~*~*~tactically~*~*~ (stealth).
  1440 | D:1      | 1440 ||| Stepping ~*~*~tactically~*~*~ (stealth).
  1449 | D:1      | 1449 ||| Stepping randomly (stuck).
  1450 | D:1      | 1450 ||| Stepping randomly (stuck).
  1481 | D:1      | 1481 ||| SWAPPING to +0 war axe.
  1482 | D:1      | 1482 ||| DROPPING +1 hand axe.
  1594 | D:1      | Reached XP level 4. HP: 28/28 MP: 4/4
  1673 | D:1      | 1673 ||| Stepping ~*~*~tactically~*~*~ (stealth).
  1972 | D:1      | 1972 ||| Stepping ~*~*~tactically~*~*~ (stealth).
  1980 | D:1      | 1980 ||| Stepping ~*~*~tactically~*~*~ (stealth).
  2150 | D:1      | 2150 ||| Stepping ~*~*~tactically~*~*~ (stealth).
  2152 | D:1      | 2152 ||| Stepping ~*~*~tactically~*~*~ (stealth).
  2153 | D:1      | 2153 ||| Stepping ~*~*~tactically~*~*~ (stealth).
  2161 | D:1      | 2161 ||| Stepping ~*~*~tactically~*~*~ (stealth).
  2216 | D:1      | 2216 ||| Stepping ~*~*~tactically~*~*~ (stealth).
  2347 | D:1      | 2347 ||| UPGRADING to +0 ring mail.
  2357 | D:1      | 2357 ||| DROPPING +0 leather armour.
  2358 | D:1      | 2358 ||| READING scroll labelled UNEIGA PAAST.
  2359 | D:1      | 2359 ||| READING scroll labelled SACEUPTAOLI.
  2360 | D:1      | 2360 ||| DRINKING 2 bubbling amethyst potions.
  2361 | D:1      | 2361 ||| DRINKING 2 yellow potions.
  2373 | D:1      | 2373 ||| Stepping ~*~*~tactically~*~*~ (stealth).
  2378 | D:1      | 2378 ||| Stepping ~*~*~tactically~*~*~ (stealth).
  2414 | D:2      | 2414 ||| Stepping ~*~*~tactically~*~*~ (hiding).
  2592 | D:2      | 2592 ||| Stepping ~*~*~tactically~*~*~ (hiding).
  2694 | D:2      | 2694 ||| Stepping ~*~*~tactically~*~*~ (hiding).
  2796 | D:2      | 2796 ||| Stepping ~*~*~tactically~*~*~ (hiding).
  3069 | D:2      | Reached skill level 1 in Armour
  3638 | D:2      | 3638 ||| UPGRADING to +0 scale mail.
  3648 | D:2      | 3648 ||| DROPPING +0 ring mail.
  3704 | D:3      | Found a white marble altar of Elyvilon.
  3832 | D:3      | 3832 ||| Stepping ~*~*~tactically~*~*~ (stealth).
  3982 | D:3      | Reached XP level 5. HP: 32/32 MP: 5/5
  4118 | D:3      | Found a sparkling altar of Nemelex Xobeh.
  4127 | D:3      | Found a basalt altar of Yredelemnul.
  4398 | D:3      | 4398 ||| DRINKING 4 bubbling golden potions.
  4399 | D:3      | 4399 ||| DROPPING 3 potions of flight.
  4452 | D:4      | Found a transporter.
  4452 | D:4      | Noticed qw's ghost (amateur GrFi)
  4455 | D:4      | Noticed a yak
  4459 | D:4      | Found a transporter.
  4526 | D:4      | 4526 ||| FLEEEEING.
  4527 | D:4      | 4527 ||| FLEEEEING.
  4528 | D:4      | 4528 ||| FLEEEEING.
  4531 | D:4      | 4531 ||| STAIRDANCE
  4753 | D:4      | 4753 ||| Stepping ~*~*~tactically~*~*~ (stealth).
  4758 | D:4      | 4758 ||| Stepping ~*~*~tactically~*~*~ (stealth).
  4759 | D:4      | 4759 ||| Stepping ~*~*~tactically~*~*~ (stealth).
  4770 | D:4      | 4770 ||| Stepping ~*~*~tactically~*~*~ (stealth).
  4900 | D:4      | HP: 6/32 [gnoll/+0 spear[a gnoll bouda] (6)]
  4901 | D:4      | Slain by a gnoll

Levels and vault maps discovered:
D:1:      doesnt_arrival_eight_statues, layout_loops_ring, minmay_pentomino_q4
D:2:      layout_basic, hellmonk_ecumenical_altar_watching_god,
          kennysheep_generic_room_15
D:3:      layout_loops_ring, elyvilon_altar_5, mainiacjoe_overflow_swirl,
          gup_sewer_entry_bubbles
D:4:      layout_loops_cross, mainiacjoe_overflow_surrounded_room,
          gammafunk_ghost_arena
D:5:      layout_basic

Skill      XL: |  1  2  3  4  5 |
---------------+----------------+-----
Axes           | 2 3 4 5 |  5.0
Armour         | 1 |  1.2
Fighting       | |  3.4
Dodging        | |  1.5
Stealth        | |  5.4

Action                   |  1- 3 |  4- 6 || total
-------------------------+-------+-------++-------
Melee: Hand axe          |   125 |       ||   125
       Punch             |     2 |       ||     2
       War axe           |     5 |   157 ||   162
  Use: Scroll            |     1 |     2 ||     3
       Potion            |       |     3 ||     3
 Stab: Sleeping          |     3 |       ||     3
Armor: Leather armour    |    47 |    17 ||    64
       Ring mail         |       |    20 ||    20
       Scale mail        |       |    49 ||    49
Dodge: Dodged            |    93 |    94 ||   187

Table legend:
 A = Non-vault XP
 B = Vault XP
 C = Vault XP percentage of total XP
 D = Non-vault monster count
 E = Vault monster count
 F = Vault count percentage of total count
                 A         B        C        D         E       F
            +---------+---------+-------+---------+---------+-------
      Total |     234 |      40 |  14.6 |      70 |      10 |  12.5
            +---------+---------+-------+---------+---------+-------
        D:1 |      40 |       7 |  14.9 |      22 |       4 |  15.4
        D:2 |      45 |       2 |   4.3 |      17 |       1 |   5.6
        D:3 |      55 |      31 |  36.0 |      22 |       5 |  18.5
        D:4 |      94 |       0 |   0.0 |       9 |       0 |   0.0
            +---------+---------+-------+---------+---------+-------
